 Dungeon Crawl Stone Soup version 0.20-a0-1000-g0e8f6bb (webtiles) character file.

21 Firecrotchwizard the Chopper (level 2, -4/27 HPs)
             Began as a Minotaur Berserker on Apr 13, 2017.
             Was a Follower of Trog.
             Slain by a gnoll
             ... wielding a +0 halberd
              (8 damage)
             ... on level 1 of the Dungeon.
             The game lasted 00:01:10 (575 turns).

Firecrotchwizard the Chopper (Minotaur Berserker)    Turns: 575, Time: 00:01:11

Health: -4/27      AC:  9    Str: 21    XL:     2   Next: 62%
Magic:  1/1        EV:  8    Int:  4    God:    Trog [*.....]
Gold:   0          SH:  0    Dex:  9    Spells: 1/1 levels left

rFire    . . .     SeeInvis .   a - +0 hand axe
rCold    . . .     Gourm    .   (no shield)
rNeg     . . .     Faith    .   f - +0 chain mail
rPois    .         Spirit   .   (helmet restricted)
rElec    .         Reflect  .   (no cloak)
rCorr    .         Harm     .   (no gloves)
MR       .....                  (no boots)
Stlth    ..........             (no amulet)
Regen    0.1/turn               (no ring)
MPRegen  0.1/turn               (no ring)

@: no status effects
A: retaliatory headbutt, horns 2
a: Berserk, Burn Spellbooks, Renounce Religion


You were on level 1 of the Dungeon.
You worshipped Trog.
Trog was aware of your devotion.
You were not hungry.

You visited 1 branch of the dungeon, and saw 1 of its levels.

Inventory:

Hand Weapons
 a - a +0 hand axe (weapon)
 g - a +1 dagger of venom
   (You took it off a goblin on level 1 of the Dungeon)
Armour
 b - a +0 animal skin
 f - a +0 chain mail (worn)
   (You found it on level 1 of the Dungeon)
 h - a +0 shield
   (You found it on level 1 of the Dungeon)
Scrolls
 i - a scroll of blinking {unknown}
 j - a scroll of enchant armour {unknown}
Potions
 e - 2 potions of mutation {unknown}
Comestibles
 c - a bread ration {@e1}
 d - 4 chunks of flesh {@w0}


   Skills:
 + Level 3.9 Fighting
 * Level 4.0 Axes
 + Level 2.8 Armour
 + Level 2.5 Dodging


You had one spell level left.
You didn't know any spells.

Dungeon Overview and Level Annotations

Branches:
Dungeon (1/15)

Altars:


Innate Abilities, Weirdness & Mutations

You reflexively headbutt those who attack you in melee.
You have a pair of horns on your head.


Message History

No target in view!
A kobold comes into view. It is wielding a dagger.
The kobold shouts!
The kobold moves out of view.
A frilled lizard comes into view.
The frilled lizard hisses angrily.
You barely miss the kobold. The kobold hits you with a dagger.
You closely miss the kobold. The kobold hits you but does no damage.
You closely miss the kobold. Your headbutt misses the kobold.
The kobold hits you with a dagger.
You hit the kobold. The kobold barely misses you. You furiously retaliate!
You headbutt the kobold. The kobold hits you with a dagger.
You hit the kobold but do no damage. You closely miss the frilled lizard.
The frilled lizard bites you. The kobold hits you with a dagger.
You hit the kobold.
You kill the kobold!
Trog accepts your kill.
You hit the frilled lizard.
You kill the frilled lizard!
Trog accepts your kill.
No target in view!
Things that are here:
a dagger; a kobold corpse You butcher the kobold corpse.
A goblin comes into view.
The goblin shouts!
The goblin throws a stone.
The stone completely misses you.
A bat comes into view.
You see here 18 stones.
The goblin throws a stone.
The stone hits you but does no damage.
Things that are here:
a stone; a chain mail
f - a chain mail The goblin throws a stone.
The stone hits you. The bat hits you.
You hit the bat.
You kill the bat!
Trog accepts your kill.
The goblin throws a stone.
The stone closely misses you.
The goblin throws a stone.
The stone closely misses you. The goblin misses you.
You slash the goblin!
You kill the goblin!
Trog accepts your kill.
Your Axes skill increases to level 4!
No target in view!
You start resting.
You start removing your armour.
You continue taking off your +0 animal skin. x4
You finish taking off your +0 animal skin.
You start putting on your armour.
You continue putting on your chain mail. x5
You finish putting on your +0 chain mail.
Things that are here:
20 stones; a goblin corpse You butcher the goblin corpse.
d - 6 chunks of flesh {@w0} (gained 3)
You see here 20 stones.
A goblin comes into view. It is wielding a dagger of venom.
The goblin shouts!
You barely miss the goblin. Your headbutt misses the goblin.
The goblin hits you but does no damage.
You closely miss the goblin. The goblin barely misses you.
You furiously retaliate!
You headbutt the goblin.
You kill the goblin!
Trog accepts your kill.
No target in view!
g - a dagger of venom Some of the chunks of flesh in your inventory have rotted away.
A goblin comes into view.
The goblin shouts!
The goblin hits you but does no damage.
You see here a shield.
You hit the goblin.
You kill the goblin!
Trog accepts your kill.
No target in view!
No target in view!
h - a shield
i - a scroll labeled CIDIBE ORECOXT You see here a goblin corpse.
You butcher the goblin corpse.
d - 4 chunks of flesh {@w0} (gained 1)
j - a scroll labeled XIYLITW PEBOR You see here a ring mail.
A gnoll comes into view. It is wielding a halberd.
The gnoll shouts!
The gnoll hits you from afar with a halberd!
You hit the gnoll but do no damage. Your headbutt misses the gnoll.
The gnoll hits you but does no damage.
You barely miss the gnoll. Your headbutt misses the gnoll.
The gnoll hits you with a halberd!
You are too injured to fight recklessly!
You are too injured to fight recklessly!
You hit the gnoll. The gnoll hits you with a halberd.
* * * LOW HITPOINT WARNING * * *
Your chain mail prevents you from hitting the gnoll.
The gnoll hits you with a halberd.
* * * LOW HITPOINT WARNING * * *
You closely miss the gnoll. The gnoll hits you with a halberd!
You die...

### #.#..
#########..
.#.#..
#..@g......
.....
#.#######..
#.#.. #.#
#.#.. #.#
#.... #.#
##.. #.# #
#.. #.# #.
#.. #.#
###.###..
#.#
........


You could see a gnoll.

Vanquished Creatures
  A leopard gecko (D:1)
  2 giant cockroaches (D:1)
  4 hobgoblins (D:1)
  A ball python (D:1)
  3 bats (D:1)
  A frilled lizard (D:1)
  4 goblins (D:1)
  A kobold (D:1)
17 creatures vanquished.

Notes
Turn   | Place    | Note
-------+----------+-------------------------------------------
     0 | D:1      | Firecrotchwizard the Minotaur Berserker began the quest for the Orb.
     0 | D:1      | Reached XP level 1. HP: 19/19 MP: 0/0
   146 | D:1      | Reached XP level 2. HP: 22/27 MP: 1/1
   353 | D:1      | Reached skill level 4 in Axes
   574 | D:1      | HP: 4/27 [gnoll/halberd (4)]
   575 | D:1      | Slain by a gnoll

Vault maps used:
D:1:      dpeg_arrival_houses_and_road, minmay_pentomino_o2

Skill      XL: |  1  2 |
---------------+-------+-----
Axes           | 4 |  4.0
Fighting       | |  3.9
Armour         | |  2.8
Dodging        | |  2.5

Action                   || total
-------------------------++-------
Melee: Hand axe          ||    41
       Headbutt          ||     3
Armor: Animal skin       ||     6
       Chain mail        ||     3
Dodge: Dodged            ||    16

Vault maps used:
D:1:      dpeg_arrival_houses_and_road, minmay_pentomino_o2

Table legend:
 A = Turns spent in this place as a percentage of turns spent in the entire game.
 B = Non-inter-level travel turns spent in this place as a percentage of non-inter-level travel turns spent in the entire game.
 C = Inter-level travel turns spent in this place as a percentage of turns spent in this place.
 D = Turns resting spent in this place as a percentage of non-inter-level travel turns spent in this place.
 E = Turns spent auto-exploring this place as a percentage of non-inter-level travel turns spent in this place.
 F = Non-inter-level travel turns spent in this place divided by the number of levels of this place that you've seen.
                   A       B       C       D       E      F
               +-------+-------+-------+-------+-------+----------------------
         Total | 100.0 | 100.0 |   0.0 |   4.3 |  13.0 | 138.0
       Dungeon | 100.0 | 100.0 |   0.0 |   4.3 |  13.0 | 138.0
               +-------+-------+-------+-------+-------+----------------------

Table legend:
 A = Kills in this place as a percentage of kills in entire the game.
 B = Kills by you in this place as a percentage of kills by you in the entire game.
 C = Kills by friends in this place as a percentage of kills by friends in the entire game.
 D = Other kills in this place as a percentage of other kills in the entire game.
 E = Experience gained in this place as a percentage of experience gained in the entire game.
 F = Experience gained in this place divided by the number of levels of this place that you have seen.
                   A       B       C       D       E      F
               +-------+-------+-------+-------+-------+----------------------
         Total | 100.0 | 100.0 |  -nan |  -nan | 100.0 |  30.0
       Dungeon | 100.0 | 100.0 |  -nan |  -nan | 100.0 |  30.0
               +-------+-------+-------+-------+-------+----------------------
